 Dungeon Crawl Stone Soup version 0.22-a0-159-g7ce444f (webtiles) character file.

42 4thArraOfDagon the Ducker (level 3, -3/16 HPs)
             Began as a Felid Artificer on Feb 9, 2018.
             Slain by a hippogriff (8 damage)
             ... on level 6 of the Dungeon.
             The game lasted 00:05:06 (846 turns).

4thArraOfDagon the Ducker (Felid Artificer)          Turns: 846, Time: 00:05:07

Health: -3/16      AC:  1    Str:  8    XL:     3   Next: 35%
Magic:  6/6        EV: 19    Int: 13    God:
Gold:   65         SH:  0    Dex: 16    Spells: 2/2 levels left
                                        Lives:  0   Deaths: 1

rFire    . . .     SeeInvis +     - Unarmed
rCold    . . .     Gourm    .   (shield unavailable)
rNeg     . . .     Faith    .   (armour unavailable)
rPois    .         Spirit   .   (helmet unavailable)
rElec    .         Reflect  .   (cloak unavailable)
rCorr    .         Harm     .   (gloves unavailable)
MR       .....     Rnd*Tele +   (boots unavailable)
Stlth    ++++......             (no amulet)
HPRegen  0.05/turn              i - ring of stealth
MPRegen  0.10/turn              k - ring of teleportation (curse)

@: quick
A: very small, no armour, no weapons or thrown items, stealth, claws 1, fangs 3,
see invisible, carnivore, speed 1, shaggy fur 1, slow metabolism 1, sharp paws
a: no special abilities


You were on level 6 of the Dungeon.
You were not hungry.

You visited 1 branch of the dungeon, and saw 6 of its levels.

You collected 65 gold pieces.

Inventory:

Jewellery
 i - a ring of stealth (left paw)
 k - a cursed ring of teleportation (right paw)
Wands
 a - a wand of flame (13)
 b - a wand of enslavement (15)
 c - a wand of random effects (11)
Potions
 e - a potion of brilliance
 g - a potion of curing
Comestibles
 d - 4 rations


   Skills:
 + Level 2.1 Fighting
 + Level 3.7 Dodging
 + Level 2.8 Stealth
 * Level 2.7 Unarmed Combat
 - Level 3.2 Evocations


You had 2 spell levels left.
You didn't know any spells.

Dungeon Overview and Level Annotations

Branches:
Dungeon (6/15)
 Temple: D:4-7

Altars:
Qazlal
Wu Jian
The Shining One


Innate Abilities, Weirdness & Mutations

You cannot wear armour.
You are incapable of wielding weapons or throwing items.
Your paws allow you to move quietly. (Stealth)
You have sharp claws.
You have razor-sharp teeth.
You have supernaturally acute eyesight. (SInv)
You are carnivorous and can eat meat at any time.
You cover ground quickly.
You are covered in fur. (AC +1)
You have a slow metabolism.
Your sharp claws are effective at attacking unaware monsters.


Message History

A centaur comes into view.
The centaur wields a shortbow.
The centaur shoots an arrow.
The arrow hits you!
You die...
You are now level 3!
You rejoin the land of the living...
Unknown command.
Found 7 gold pieces.
Found a scroll labeled VESECH AJAPA.
A hippogriff comes into view.
Unknown command.
An orc wizard comes into view. It is wielding a dagger.
Unknown command.
The helpless hippogriff fails to defend itself.
You claw the hippogriff!
The hippogriff is moderately wounded.
The hippogriff bites you!
Ouch! That really hurt!
The hippogriff pecks you!
Ouch! That really hurt!
You die...

######.####.## #.#
#..#
########.#####.#
.................
.#######.#####.##.#
#.# .. # #.# #.
######.######...
......$..@.......
.######?##H####..
.... ... #.#..
..... .....##.###.#
... ... .. .. ###
###. .o . ..


You could see a hippogriff and an orc wizard (sleeping).

Vanquished Creatures
  A howler monkey (D:6)
  2 worms
  An adder skeleton (D:4)
  3 leopard geckos (D:1)
  3 hobgoblins
  4 jackals (D:1)
  7 kobolds
  A quokka (D:2)
  5 bats
  5 frilled lizards
  6 goblins
  6 rats
44 creatures vanquished.

Notes
Turn   | Place    | Note
-------+----------+-------------------------------------------
     0 | D:1      | 4thArraOfDagon the Felid Artificer began the quest for the Orb.
     0 | D:1      | Reached XP level 1. HP: 9/9 MP: 4/4
    98 | D:1      | Reached XP level 2. HP: 8/12 MP: 5/5
   422 | D:2      | Reached XP level 3. HP: 15/15 MP: 6/6
   611 | D:3      | Found a stormy altar of Qazlal.
   667 | D:4      | Found an ornate altar of the Wu Jian Council.
   691 | D:4      | Noticed a scorpion
   697 | D:5      | Entered Level 5 of the Dungeon
   732 | D:5      | Noticed a necrophage
   739 | D:5      | Found a glowing golden altar of the Shining One.
   823 | D:6      | Reached XP level 4. HP: 6/19 MP: 7/7
   830 | D:6      | Noticed a centaur
   830 | D:6      | Shot with an arrow by a centaur
   831 | D:6      | Reached XP level 3. HP: -3/16 MP: 6/6
   843 | D:6      | Noticed a hippogriff
   846 | D:6      | Slain by a hippogriff

Vault maps used:
D:1:      dpeg_arrival_houses_and_road, minmay_hedge_maze, feat_on_display
D:2:      minmay_misc_feat_encased, uniq_jessica, uniq_terence
D:3:      grunt_qazlal_clouds, portal_sewer_entry_c, first_ration,
          corexii_leaking_fountain, uniq_grinder
D:4:      old_standard_altar, marbit_many_paths
D:5:      kennysheep_mini, minmay_misc_feat_iff
D:6:      nicolae_overflow_hidden_temple, minmay_temple_entry_grid,
          enter_ossuary_4

Skill      XL: |  1  2  3 |
---------------+----------+-----
Dodging        | 3 |  3.7
Stealth        | 2 |  2.8
Unarmed Combat | 2 |  2.7
Fighting       | 2 |  2.1
Evocations     | |  3.2

Action                   |  1- 3 |  4- 6 || total
-------------------------+-------+-------++-------
Melee: Unarmed           |   115 |       ||   115
       Bite              |    11 |       ||    11
Evoke: Wand              |     6 |       ||     6
  Use: Scroll            |     9 |       ||     9
 Stab: Sleeping          |    17 |       ||    17
       Confused          |     1 |       ||     1
  Eat: Chunk             |     7 |       ||     7
Armor: Skin              |     3 |       ||     3
Dodge: Dodged            |    61 |       ||    61

Table legend:
 A = Spawn XP
 B = Non-spawn XP
 C = Spawn XP percentage of total XP
 D = Spawn monster count
 E = Non-spawn monster count
 F = Spawn count percentage of total count
 G = Total turns spent on level
                    A         B        C        D         E        F      G
               +---------+---------+-------+---------+---------+-------+---------
         Total |       0 |     134 |   0.0 |       0 |      44 |   0.0 |   846
               +---------+---------+-------+---------+---------+-------+---------
           D:1 |       0 |      36 |   0.0 |       0 |      22 |   0.0 |   397
           D:2 |       0 |      26 |   0.0 |       0 |      15 |   0.0 |   170
           D:3 |       0 |       6 |   0.0 |       0 |       4 |   0.0 |    54
           D:4 |       0 |       4 |   0.0 |       0 |       1 |   0.0 |    76
           D:6 |       0 |      62 |   0.0 |       0 |       2 |   0.0 |    56
               +---------+---------+-------+---------+---------+-------+---------
